 Dungeon Crawl Stone Soup version 0.28.0-45-g0d030f2227 (webtiles) character file.

Game seed: 16513359518377529786

967 MisterFreud the Ruffian (level 7, -4/88 HPs)
             Began as a Pale Draconian Transmuter on Apr 18, 2022.
             Was a Believer of Ru.
             Slain by an orc warrior
             ... wielding a +1 trident of freezing
              (7 damage)
             ... on level 5 of the Dungeon.
             The game lasted 00:05:45 (4224 turns).

MisterFreud the Ruffian (Pale Draconian Transmuter) Turns: 4224, Time: 00:05:45

Health: -4/88      AC: 23    Str:  8 (10) XL:     7   Next: 93%
Magic:  9/10       EV:  2    Int: 21 (22) God:    Ru [**....]
Gold:   163        SH:  0    Dex:  8 (11) Spells: 5/10 levels left

rFire   . . .      SeeInvis .     - Unarmed
rCold   . . .      Faith    .   (no shield)
rNeg    . . .      Spirit   .   (armour unavailable)
rPois   +          Reflect  .   (helmet currently unavailable)
rElec   .          Harm     .   (cloak currently unavailable)
rCorr   .          Rampage  .   (gloves currently unavailable)
Will    .....      NoTele   +   (boots currently unavailable)
Stlth   +.........              f - amulet of the acrobat
HPRegen 0.24/turn               b - +6 ring of intelligence
MPRegen 0.12/turn               k - ring of willpower

@: tree-form, weak-willed, marked
A: stationary, stasis, torment immunity, boosted hp, (breathe steam), AC +6,
unfitting armour, (cold-blooded), hated by all, (steam resistance), (poison
resistance), (shaggy fur 1), weak 1
a: Renounce Religion


You were on level 5 of the Dungeon.
You worshipped Ru.
Ru was pleased with you.
You were a tree.
You visited 1 branch of the dungeon, and saw 6 of its levels.

You collected 163 gold pieces.

Inventory:

Missiles
 j - 5 silver boomerangs
 l - 6 poisoned darts
 n - a throwing net
Armour
 c - the +2 cloak "Qan Aca" {rPois Str-4 Int+7}
   (You acquired it on level 5 of the Dungeon)

   Str:       It affects your strength (-4).
   Int:       It affects your intelligence (+7).
   rPois:     It protects you from poison.
Jewellery
 b - a +6 ring of intelligence (left branch)
 f - an amulet of the acrobat (around neck)
 k - a ring of willpower (right branch)
Wands
 m - a wand of iceblast (8)
 o - a wand of acid (7)
Scrolls
 a - a scroll of magic mapping
 d - a scroll of enchant weapon
 e - 3 scrolls of identify


   Skills:
 - Level 4.0 Fighting
 + Level 4.5 Dodging
 - Level 6.0 Unarmed Combat
 - Level 2.0 Spellcasting
 - Level 5.0 Transmutations


You had 5 spell levels left.
You knew the following spells:

 Your Spells              Type           Power      Damage    Failure   Level
b - Wereblood             Tmut           23%        N/A       2%          2
c - Spider Form           Tmut/Pois      12%        N/A       16%         3

Your spell library contained the following spells:

 Spells                   Type           Power      Damage    Failure   Level
 Beastly Appendage        Tmut           46%        N/A       1%          1
 Frozen Ramparts          Ice            4%         1d2       41%         3
 Gell's Gravitas          Tloc           2%         N/A       41%         3
 Teleport Other           Tloc           2%         N/A       41%         3
 Ice Form                 Ice/Tmut       12%        N/A       45%         4
 Fireball                 Conj/Fire      1%         3d3       99%         5
 Iskenderun's Battlesphe  Conj           2%         2d6       99%         5
 Conjure Ball Lightning   Conj/Air       1%         3x3d6     100%        6
 Dispersal                Tloc           1%         N/A       100%        6
 Iron Shot                Conj/Erth      1%         9d1       100%        6
 Orb of Destruction       Conj           1%         9d5       100%        7
 Summon Ice Beast         Ice/Summ       Unusable   N/A       N/A         4
 Spellforged Servitor     Conj/Summ      Unusable   N/A       N/A         7

Dungeon Overview and Level Annotations

Branches:
Dungeon (6/15)             Temple (0/1) D:5

Altars:
Elyvilon
Okawaru
Qazlal
Ru
Trog
Vehumet
The Shining One

Shops:
D:1 =

Portals:
Abyss: D:3

Annotations:
D:3 2 transporters, XSreality's ghost, amateur GnTm
D:5 Blork the orc; Edmund


Innate Abilities, Weirdness & Mutations

You are a tree.
Your roots penetrate the ground, keeping you stationary.
You cannot be teleported.
You are immune to unholy pain and torment.
Your maximum health is greatly increased.
Your equipment is partially melded.
((You can breathe blasts of scalding, opaque steam.))
((Your pale cyan-grey scales are hard. (AC +6)))
You cannot fit into any form of body armour.
((You are cold-blooded and may be slowed by cold attacks.))
You are hated by all.
((You are immune to the effects of steam.))
((Your system is resistant to poisons. (rPois)))
((You are covered in fur. (AC +1)))
You are weak. (Str -2)


Message History

It was a scroll of magic mapping.
Blork the orc gestures at you while chanting.
The magic dart hits you but does no damage.
The orc warrior hits you but does no damage.
The orc hits you but does no damage.
As you read the scroll labelled QOSUNA VADAN, it crumbles to dust.
It is a scroll of identify.
d - a scroll of enchant weapon Blork the orc miscasts a cantrip.
The orc warrior hits you but does no damage.
Blork the orc begins to cast a spell, but is stunned by your conviction!
The orc hits you but does no damage.
As you read the scroll labelled SAYN CEVINT, it crumbles to dust.
It is a scroll of amnesia.
Forget Beastly Appendage, freeing 1 spell level for a total of 5?
Your memory of Beastly Appendage unravels.
Blork the orc hits you but does no damage.
The orc warrior hits you from afar with a +1 trident of freezing.
* * * LOW HITPOINT WARNING * * *
The orc warrior freezes you.
* * * LOW HITPOINT WARNING * * *
The orc hits you but does no damage.
Unknown command.
This is a scroll of acquirement!
Something appears at your feet!
Blork the orc hits you but does no damage.
The orc warrior hits you but does no damage.
Blork the orc hits you with a +0 scimitar.
* * * LOW HITPOINT WARNING * * *
The orc hits you but does no damage.
c - the +2 cloak "Qan Aca" {rPois Str-4 Int+7} Blork the orc hits you but does no damage.
The orc warrior hits you but does no damage.
The orc hits you but does no damage.
As you read the scroll labelled QORHAX VUOSM, it crumbles to dust.
Magic quickly surges around you.
It was a scroll of vulnerability.
Blork the orc hits you with a +0 scimitar.
* * * LOW HITPOINT WARNING * * *
The orc warrior hits you from afar with a +1 trident of freezing!
You die...

*########....##..,,,,,,*
#...>##.##*,,,,*
#.........,,,,,,
#..(.##.##*,,,,,
#........,,,,,,,
#######....##.#**,,,,,
#.....Z....#*,# *,,,,,
##########@...##.#**,,,,,
#...oooo♣oY.......,,,,,,,
####.#####....##.#**,,,,,
###.#####.....#.#**,,,,,
#..)..o..........,,,,,,,
###.#####.†......,,,,,,,
#.# #........,,,,,,, #.#
#.....#.#**,*,,, #.#
#........,,,,,,,
***#.#***#...#...#**,*,*,


You could see Edmund (weak-willed), Blork the orc (fast, poisoned, weak-willed),
an orc warrior (weak-willed), a sky beast (weak-willed) and 3 orcs.

Vanquished Creatures
  Sigmund (D:3)
  Eustachio (D:4)
  A black bear (D:6)
  A bullfrog (D:4)
  2 scorpions (D:5)
  A wyvern skeleton (D:6)
  A bullfrog zombie (D:6)
  2 hounds
  2 orc priests
  A gnoll shaman (D:6)
  4 gnolls (D:6)
  6 adders
  A shadow imp (D:6)
  3 worms
  A dart slug (D:1)
  2 orcs (D:3)
  2 ball pythons
  5 endoplasms
  A giant cockroach (D:3)
  9 goblins
  6 hobgoblins
  2 jackals (D:4)
  6 kobolds
  A quokka (D:1)
  3 bats
  3 frilled lizards
  3 rats
71 creatures vanquished.

Vanquished Creatures (others)
  2 plants (D:1)
2 creatures vanquished.

Grand Total: 73 creatures vanquished

Notes
Turn   | Place    | Note
-------+----------+-------------------------------------------
     0 | D:1      | MisterFreud the Draconian Transmuter began the quest for
                  | the Orb.
     0 | D:1      | Reached XP level 1. HP: 16/16 MP: 3/3
   357 | D:1      | Found Emmupyd's Jewellery Emporium.
   388 | D:1      | Reached XP level 2. HP: 23/23 MP: 3/5
  1423 | D:2      | Learned a level 2 spell: Wereblood
  1663 | D:2      | Reached XP level 3. HP: 22/28 MP: 6/6
  1667 | D:2      | Learned a level 3 spell: Spider Form
  2535 | D:3      | Noticed Sigmund
  2546 | D:3      | Killed Sigmund
  2547 | D:3      | Reached skill level 5 in Transmutations
  2547 | D:3      | Reached XP level 4. HP: 35/40 MP: 1/7
  2547 | D:3      | Reached XP level 5. HP: 40/46 MP: 1/8
  2658 | D:3      | Found a transporter.
  2668 | D:3      | Found a one-way gate to the infinite horrors of the Abyss.
  2668 | D:3      | Noticed XSreality's ghost (amateur GnTm)
  2760 | D:3      | Found a transporter.
  2777 | D:3      | Reached XP level 6. HP: 37/52 MP: 5/9
  2993 | D:3      | Found a glowing golden altar of the Shining One.
  2995 | D:3      | Found a sacrificial altar of Ru.
  3002 | D:3      | Found a radiant altar of Vehumet.
  3010 | D:3      | Became a worshipper of Ru the Awakened
  3021 | D:3      | Found an iron altar of Okawaru.
  3021 | D:3      | Found a white marble altar of Elyvilon.
  3028 | D:3      | Found a stormy altar of Qazlal.
  3029 | D:3      | Found a bloodstained altar of Trog.
  3398 | D:4      | Noticed Eustachio
  3415 | D:4      | Killed Eustachio
  3416 | D:4      | Reached skill level 4 in Unarmed Combat
  3514 | D:4      | Reached skill level 5 in Unarmed Combat
  3604 | D:4      | You fall into a shaft and drop 2 floors!
  3661 | D:6      | Your scales start taking on a pale cyan-grey colour.
  3661 | D:6      | Reached XP level 7. HP: 47/59 MP: 6/10
  3661 | D:6      | Gained mutation: You are immune to the effects of steam.
                  | [Pale Draconian growth]
  3791 | D:6      | Reached skill level 6 in Unarmed Combat
  3955 | D:5      | Entered Level 5 of the Dungeon
  3978 | D:5      | Gained mutation: You are hated by all. [Ru sacrifice]
  3978 | D:5      | Reached * piety under Ru
  3978 | D:5      | Reached ** piety under Ru
  4212 | D:5      | Noticed Blork the orc
  4215 | D:5      | Noticed Edmund
  4217 | D:5      | Gained mutation: Your system is resistant to poisons.
                  | (rPois) [potion of mutation]
  4217 | D:5      | Gained mutation: You are weak. (Str -2) [potion of
                  | mutation]
  4217 | D:5      | Gained mutation: You are covered in fur. (AC +1) [potion of
                  | mutation]
  4222 | D:5      | Identified a scroll of acquirement
  4222 | D:5      | Acquired the +2 cloak "Qan Aca" {rPois Str-4 Int+7}
  4224 | D:5      | HP: 3/88 [Blork the orc/+0 scimitar (5)]
  4224 | D:5      | Slain by an orc warrior

Illustrated notes

Levels and vault maps discovered:
D:1:      evilmike_arrival_fibonacci_small, layout_basic, serial_shops,
          shop_fountains, serial_bayou_crossing
D:2:      layout_basic, minmay_domino_2
D:3:      layout_loops_ring, nicolae_overflow_hallway_of_the_gods,
          gammafunk_ghost_abyssal_escape, uniq_sigmund
D:4:      layout_basic, dancing_weapons_uskayaw, lightli_corner_chamber,
          uniq_eustachio, uniq_robin, uniq_grinder
D:5:      layout_basic, nicolae_overflow_squiral, minmay_temple_entry_grid,
          lemuel_flame_loot_1, uniq_blork_the_orc, uniq_edmund, uniq_pikel
D:6:      layout_gridville

Skill      XL: |  1  2  3  4  5  6  7 |
---------------+----------------------+-----
Transmutations | 3 5 |  5.0
Fighting       | 3 4 |  4.0
Unarmed Combat | 5 6 |  6.0
Dodging        | 4 |  4.5
Spellcasting   | |  2.0

Action                   |  1- 3 |  4- 6 |  7- 9 || total
-------------------------+-------+-------+-------++-------
Melee: Unarmed           |   102 |    71 |    29 ||   202
       Kick              |    14 |     3 |       ||    17
       Tailslap          |    10 |     2 |     1 ||    13
       Headbutt          |     6 |     5 |       ||    11
 Cast: Beastly Appendage |    23 |     9 |       ||    32
       Spider Form       |     2 |     5 |     4 ||    11
Invok: Sacrifice Love    |       |       |     1 ||     1
 Abil: Breathe Steam     |       |       |     8 ||     8
       End Transformatio |       |       |     1 ||     1
  Use: Scroll            |       |       |     5 ||     5
       Potion            |       |       |     3 ||     3
 Stab: Sleeping          |       |     1 |       ||     1
Armor: Skin              |    12 |    10 |    19 ||    41
Dodge: Dodged            |    58 |    56 |    35 ||   149
